 Dungeon Crawl Stone Soup version 0.31-a0-233-g139696dc86 (webtiles) character file.

Game seed: 14819048507829424956

74 qw the Shooter (level 4, 0/26 HPs)
             Began as a Gargoyle Hexslinger on July 8, 2023.
             Slain by an endoplasm (3 damage)
             ... on level 3 of the Dungeon.
             The game lasted 00:00:33 (2036 turns).

qw the Shooter (Gargoyle Hexslinger)                Turns: 2036, Time: 00:00:34

Health: 0/26       AC:  6    Str: 11    XL:     4   Next: 30%
Magic:  5/5        EV: 12    Int: 14    God:
Gold:   120        SH:  0    Dex: 14    Spells: 4/5 levels left

rFire   . . .        Y - +1 sling
rCold   . . .        (no shield)
rNeg    + . .        c - +0 robe
rPois   inf          d - +0 helmet
rElec   +            (no cloak)
rCorr   .            (no gloves)
SInv    .            (no boots)
Will    .....        (no amulet)
Stlth   +            (no ring)
HPRegen 0.24/turn    (no ring)
MPRegen 0.09/turn

%: no passive effects
@: no status effects
A: sickness immunity, AC +3, negative energy resistance 1, electricity
resistance, torment resistance 1, petrification resistance
a: no special abilities


You were on level 3 of the Dungeon.
You visited 1 branch of the dungeon, and saw 3 of its levels.

You collected 120 gold pieces.


Innate Abilities, Weirdness & Mutations

You are immune to sickness and miasma.
Your stone body is resilient. (AC +3)
You are immune to poison.
You resist negative energy. (rN+)
You are resistant to electric shocks. (rElec)
You are resistant to unholy torment.
You are immune to petrification.


   Skills:
 - Level 2.2 Fighting
 + Level 4.0 Ranged Weapons
 - Level 1.5 Dodging
 - Level 1.0 Spellcasting
 - Level 2.6 Hexes


You had 4 spell levels left.
You knew the following spells:

 Your Spells              Type           Power      Damage    Failure   Level
a - Slow                  Hex            32%        N/A       9%          1

Your spell library contained the following spells:

 Spells                   Type           Power      Damage    Failure   Level
 Inner Flame              Hex/Fire       4%         N/A       41%         3
 Portal Projectile        Hex/Tloc       8%         N/A       41%         3
 Cause Fear               Hex            4%         N/A       65%         4

Inventory:

Hand Weapons
 Y - a +1 sling (weapon)
Armour
 c - a +0 robe (worn)
 d - a +0 helmet (worn)
Scrolls
 a - a scroll of identify
Potions
 e - a potion of attraction {unknown}
 f - a potion of brilliance {unknown}
 g - a potion of might

Dungeon Overview and Level Annotations

Branches:
Dungeon (3/15)

Altars:
Hepliaklqana


Message History

The sling bullet closely misses the adder.
The adder closely misses you. The kobold closely misses you.
The endoplasm hits you but does no damage.
The adder bites you but does no damage.
You shoot a sling bullet. The sling bullet misses the adder.
The adder bites you. The kobold barely misses you. The endoplasm freezes you.
You are frozen.
You shoot a sling bullet. The sling bullet hits the adder.
The adder is moderately wounded.
The adder closely misses you. The kobold hits you but does no damage.
An endoplasm comes into view.
The endoplasm hits you but does no damage.
The adder bites you but does no damage. The kobold hits you but does no damage.
The endoplasm barely misses you.
You shoot a sling bullet.
The sling bullet hits the adder but does no damage.
The adder is moderately wounded.
The adder bites you but does no damage. The kobold closely misses you.
The endoplasm closely misses you. The adder bites you but does no damage.
You shoot a sling bullet.
The sling bullet closely misses the adder.
The adder closely misses you. The kobold closely misses you.
The endoplasm hits you but does no damage.
You shoot a sling bullet. The sling bullet hits the adder.
The adder is severely wounded.
The adder bites you. The kobold hits you with a +0 dagger.
The endoplasm misses you. The adder bites you.
You shoot a sling bullet.
The sling bullet barely misses the adder.
The kobold hits you but does no damage.
An orc comes into view. It is wielding a +0 whip.
The endoplasm freezes you.
You are frozen.
The adder bites you.
You shoot a sling bullet. The orc shouts!
The sling bullet hits the adder.
You kill the adder!
The kobold barely misses you. The endoplasm hits you.
You die...

7¤~.......#
..7.~.......#
_.7.¤....o..#
...~.......#
777.~.......#
............#
~~~~~.......# #.
......%K....###...
....[.%@..........
...#.JJ...........
+..............
..#.#####.#+##.....
............# ......
....####..####......
... #...#........
... ##.##........ #.
#.##..#.#...


You could see an orc, 2 endoplasms and a kobold.

Vanquished Creatures
  5 adders
  2 worms (D:2)
  2 ball pythons (D:1)
  7 endoplasms
  2 giant cockroaches
  A goblin (D:1)
  A hobgoblin (D:2)
  2 quokkas
  3 bats
  A frilled lizard (D:2)
  3 kobolds (D:1)
  4 rats
33 creatures vanquished.

Notes
Turn   | Place    | Note
-------+----------+-------------------------------------------
     0 | D:1      | qw the Gargoyle Hexslinger began the quest for the Orb.
     0 | D:1      | Reached XP level 1. HP: 12/12 MP: 2/2
     0 | D:1      | 0 ||| qw: Version: 0.3-a-46-gb1f654a
     0 | D:1      | 0 ||| qw: Game counter: 3752
     0 | D:1      | 0 ||| qw: Melee chars always use a shield: true
     0 | D:1      | 0 ||| qw: God list: Okawaru
     0 | D:1      | 0 ||| qw: Allow faded altars: false
     0 | D:1      | 0 ||| qw: Do Orc after clearing Dungeon:15 true
     0 | D:1      | 0 ||| qw: Do second Lair branch before Depths: true
     0 | D:1      | 0 ||| qw: Lair rune preference: random
     0 | D:1      | 0 ||| qw: Goals: Normal
     0 | D:1      | 0 ||| PLANNING D:1-11
   153 | D:1      | Reached XP level 2. HP: 11/16 MP: 3/3
   269 | D:1      | Reached skill level 3 in Ranged Weapons
   872 | D:1      | 872 ||| READING scroll labelled DEZOPN YJUANE.
   876 | D:1      | 876 ||| DRINKING 2 purple potions.
   877 | D:1      | 877 ||| DROPPING scroll of poison.
   899 | D:2      | 899 ||| STAIRDANCE
   901 | D:1      | HP: 4/16 [frozen (4)]
   902 | D:1      | 902 ||| DRINKING potion of heal wounds.
   958 | D:2      | 958 ||| STAIRDANCE
   964 | D:1      | Reached XP level 3. HP: 18/21 MP: 4/4
  1410 | D:2      | Reached XP level 4. HP: 20/26 MP: 5/5
  1905 | D:2      | 1905 ||| UPGRADING to +0 helmet.
  1910 | D:2      | 1910 ||| READING 2 scrolls labelled ECSUDOSK QYTS.
  1911 | D:2      | 1911 ||| READING 2 scrolls labelled VESHROKL HESOSCH.
  1912 | D:2      | 1912 ||| DRINKING 2 bubbling emerald potions.
  1913 | D:2      | 1913 ||| DROPPING scroll of revelation.
  2016 | D:3      | Found a hazy altar of Hepliaklqana.
  2028 | D:3      | Reached skill level 4 in Ranged Weapons
  2035 | D:3      | HP: 4/26 [frozen (4)]
  2036 | D:3      | Slain by an endoplasm

Levels and vault maps discovered:
D:1:      dpeg_arrival_castle, layout_basic, nicolae_houndstooth_variations
D:2:      minmay_door_path, layout_basic
D:3:      layout_basic, mainiacjoe_overflow_paths,
          chequers_temple_overflow_statue_of_worship,
          mainiacjoe_overflow_brackets, gammafunk_ghost_mausoleum

Skill      XL: |  1  2  3  4 |
---------------+-------------+-----
Ranged Weapons | 3 4 |  4.0
Fighting       | 2 |  2.2
Dodging        | |  1.5
Spellcasting   | |  1.0
Hexes          | |  2.6

Action                     |  1- 3 |  4- 6 || total
---------------------------+-------+-------++-------
   Fire: Sling             |    89 |    34 ||   123
    Use: Potion            |     2 |     1 ||     3
         Scroll            |     1 |     2 ||     3
 Armour: Robe              |    12 |    24 ||    36
  Dodge: Dodged            |    36 |    29 ||    65

Table legend:
 A = Non-vault XP
 B = Vault XP
 C = Vault XP percentage of total XP
 D = Non-vault monster count
 E = Vault monster count
 F = Vault count percentage of total count
                 A         B        C        D         E       F
            +---------+---------+-------+---------+---------+-------
      Total |     100 |      20 |  16.7 |      30 |       3 |   9.1
            +---------+---------+-------+---------+---------+-------
        D:1 |      44 |       0 |   0.0 |      19 |       0 |   0.0
        D:2 |      28 |      20 |  41.7 |       8 |       3 |  27.3
        D:3 |      28 |       0 |   0.0 |       3 |       0 |   0.0
            +---------+---------+-------+---------+---------+-------
